 Dungeon Crawl Stone Soup version 0.17.0-18-gaab0e96 (console) character file.

20 gw the Chiller (level 3, -5/24 HPs)
             Began as a Human Ice Elementalist on Nov 11, 2015.
             Slain by an ogre
             ... wielding a +0 giant spiked club
              (20 damage)
             ... on level 1 of the Dungeon.
             The game lasted 00:01:03 (1206 turns).

gw the Chiller (Human Ice Elementalist)             Turns: 1206, Time: 00:01:03

Health: -5/24      AC:  4    Str:  8    XL:     3   Next: 0%
Magic:  0/6        EV: 11    Int: 16    God:
Gold:   44         SH:  0    Dex: 13    Spells: 2 memorised, 3 levels left

rFire  . . .     SeeInvis .     b - +0 dagger
rCold  . . .     Clarity  .     f - +0 leather armour
rNeg   . . .     SustAt   .     (no shield)
rPois  .         Gourm    .     (no helmet)
rElec  .         Spirit   .     e - +0 cloak
rCorr  .         Warding  .     (no gloves)
rMut   .         Stasis   .     (no boots)
MR     .....                    (no amulet)
Stlth  ++........               (no ring)
                                (no ring)

@: very slightly contaminated, not resistant to hostile enchantments, unstealthy
A: no striking features
a: no special abilities


You were on level 1 of the Dungeon.
You were not hungry.

You visited 1 branch of the dungeon, and saw 1 of its levels.

You collected 44 gold pieces.

Inventory:

Hand Weapons
 b - a +0 dagger (weapon)
Armour
 e - a +0 cloak (worn)
 f - a +0 leather armour (worn)
Books
 d - a book of Frost

   Spells                             Type                      Level
   a - Freeze                         Ice                          1
   b - Throw Frost                    Conjuration/Ice              2
   c - Ozocubu's Armour               Charms/Ice                   3
   d - Throw Icicle                   Conjuration/Ice              4
   e - Summon Ice Beast               Ice/Summoning                4
   f - Condensation Shield            Ice                          4
Comestibles
 c - a bread ration


   Skills:
 + Level 1.1 Short Blades
 + Level 0.8 Armour
 - Level 2.0 Dodging
 - Level 2.0 Stealth
 * Level 2.2 Spellcasting
 - Level 1.0 Conjurations
 + Level 3.2 Ice Magic


You had 3 spell levels left.
You knew the following spells:

 Your Spells              Type           Power        Failure   Level  Hunger
a - Freeze                Ice            ##..         10%         1    #......
b - Throw Frost           Conj/Ice       #.....       21%         2    ###....


Dungeon Overview and Level Annotations

Branches:
Dungeon (1/15)

Altars:


Message History

Unknown command.
Unknown command.
Unknown command.
Unknown command.
FLEEEEING!
ATTACKING (1,0)
You hit the ogre.
The ogre is heavily wounded.
The ogre closely misses you.
Unknown command.
Unknown command.
Unknown command.
Unknown command.
FLEEEEING!
ATTACKING (1,0)
You hit the ogre.
The ogre is severely wounded.
The ogre hits you with a giant spiked club!!
Ouch! That really hurt!
You die...

#.#.# #...#.#.....)...#. #.#.#
#######.###.#######'###. #.#.#
#.........#.#.......# ##
#.#.######.###.......#.#######
# #...#....#.# #.#.#####=# #
#####.##.#.# #.#.......# #
#.##...# #.........# #
#.###### #.#######.# # #.....#
#..pO...#.# # #####.#
#.###.....# # ###.# #.#
#.#.### # #...# #.#
#.#........ # ###.####.#
..#.O...... #
#....#.#.###........ ####.#.#.
#........ #<##.#.# '...(....
#....# #....r...


You could see an ogre.

Table legend:
 A = Turns spent in this place as a percentage of turns spent in the entire game.
 B = Non-inter-level travel turns spent in this place as a percentage of non-inter-level travel turns spent in the entire game.
 C = Inter-level travel turns spent in this place as a percentage of turns spent in this place.
 D = Turns resting spent in this place as a percentage of non-inter-level travel turns spent in this place.
 E = Turns spent auto-exploring this place as a percentage of non-inter-level travel turns spent in this place.
 F = Non-inter-level travel turns spent in this place divided by the number of levels of this place that you've seen.
                   A       B       C       D       E      F
               +-------+-------+-------+-------+-------+----------------------
         Total | 100.0 | 100.0 |   0.5 |   2.4 |   2.9 | 1473.0
       Dungeon | 100.0 | 100.0 |   0.5 |   2.4 |   2.9 | 1473.0
               +-------+-------+-------+-------+-------+----------------------

Table legend:
 A = Kills in this place as a percentage of kills in entire the game.
 B = Kills by you in this place as a percentage of kills by you in the entire game.
 C = Kills by friends in this place as a percentage of kills by friends in the entire game.
 D = Other kills in this place as a percentage of other kills in the entire game.
 E = Experience gained in this place as a percentage of experience gained in the entire game.
 F = Experience gained in this place divided by the number of levels of this place that you have seen.
                   A       B       C       D       E      F
               +-------+-------+-------+-------+-------+----------------------
         Total | 100.0 | 100.0 |  -nan |  -nan | 100.0 |  29.0
       Dungeon | 100.0 | 100.0 |  -nan |  -nan | 100.0 |  29.0
               +-------+-------+-------+-------+-------+----------------------

Vanquished Creatures
  A giant cockroach (D:1)
  3 hobgoblins (D:1)
  3 jackals (D:1)
  4 bats (D:1)
  A giant newt (D:1)
  4 goblins (D:1)
  2 kobolds (D:1)
  A rat (D:1)
19 creatures vanquished.

Notes
Turn   | Place    | Note
--------------------------------------------------------------
     0 | D:1      | gw the Human Ice Elementalist began the quest for the Orb.
     0 | D:1      | Reached XP level 1. HP: 13/13 MP: 3/3
   410 | D:1      | Reached XP level 2. HP: 19/19 MP: 0/5
   467 | D:1      | Learned a level 2 spell: Throw Frost
  1133 | D:1      | Noticed an ogre
  1141 | D:1      | Reached skill level 1 in Short Blades
  1201 | D:1      | Reached XP level 3. HP: 22/24 MP: 2/6
  1206 | D:1      | Slain by an ogre

Action                   || total
-------------------------++-------
Melee: Dagger            ||     3
Throw: Stone             ||    11
 Cast: Freeze            ||    23
       Throw Frost       ||     8
  Eat: Chunk             ||     2

Vault maps used:
D:1:      dpeg_arrival_tiny_a
